 Dungeon Crawl Stone Soup version 0.32-a0-520-g344ed53f66 (webtiles) character file.

Game seed: 2365413018829205272

4020 zenocrate the Skirmisher (level 10, -8/74 HPs)
             Began as a Minotaur Hunter on Feb 27, 2024.
             Mangled by a red devil
             ... wielding a +0 trident
             ... summoned by a kobold demonologist
              (18 damage)
             ... on level 6 of the Dungeon.
             The game lasted 00:08:27 (6264 turns).

zenocrate the Skirmisher (Minotaur Hunter)          Turns: 6264, Time: 00:08:28

Health: -8/74      AC:  5    Str: 17    XL:     10   Next: 3%
Magic:  12/12      EV: 15    Int: 12    God:
Gold:   246        SH:  4    Dex: 23    Spells: 10/13 levels left

rFire   + . .        b - +0 orcbow
rCold   . . .        (shield currently unavailable)
rNeg    . . .        q - +0 ring mail
rPois   .            (helmet restricted)
rElec   .            (no cloak)
rCorr   .            (no gloves)
SInv    .            (no boots)
Will    .....        (no amulet)
Stlth   +            e - +6 ring of dexterity
HPRegen 0.32/turn    f - +6 ring of intelligence
MPRegen 0.13/turn

%: no passive effects
@: spiked, studying Fighting
A: horns 2, retaliatory headbutt, hooves 1, large bone plates 1, fire resistance
1
a: no special abilities


You were on level 6 of the Dungeon.
You visited 1 branch of the dungeon, and saw 6 of its levels.

You collected 246 gold pieces.

Inventory:

Hand Weapons
 a - a +0 shortbow
 b - a +0 orcbow (weapon)
Armour
 q - a +0 ring mail (worn)
Jewellery
 e - a +6 ring of dexterity (left hand)
 f - a +6 ring of intelligence (right hand)
Wands
 j - a wand of polymorph (8)
Scrolls
 c - a scroll of immolation {unknown}
 d - a scroll of fog
 i - 2 scrolls of teleportation
 k - 2 scrolls of fear {unknown}
 m - a scroll of enchant armour {unknown}
 r - a scroll of amnesia {unknown}
 s - a scroll of blinking {unknown}
Potions
 g - a potion of brilliance
 h - a potion of resistance {unknown}
 l - a potion of might {unknown}
 n - a potion of heal wounds {unknown}
 o - a potion of lignification
 p - a potion of haste {unknown}
 t - a potion of attraction {unknown}
 u - a potion of curing {unknown}


   Skills:
 - Level 2.4 Fighting
 + Level 14.0 Ranged Weapons
 - Level 6.9 Dodging
 - Level 0.7 Stealth
 - Level 2.1 Spellcasting
 + Level 2.6 Evocations


You had 10 spell levels left.
You knew the following spells:

 Your Spells              Type           Power      Damage    Failure   Level
a - Fugue of the Fallen   Necr           1%         N/A       83%         3

Your spell library contained the following spells:

 Spells                   Type           Power      Damage    Failure   Level
 Ozocubu's Armour         Ice            1%         N/A       83%         3
 Manifold Assault         Tloc           1%         N/A       99%         4


Dungeon Overview and Level Annotations

Branches:
Dungeon (6/15)
 Temple: D:4-7

Altars:
Elyvilon
Hepliaklqana
Qazlal
Trog


Innate Abilities, Weirdness & Mutations

You have a pair of horns on your head.
You reflexively headbutt those who attack you in melee.
You have large cloven feet.
You are partially covered in large bone plates. (SH +4)
Your flesh is heat resistant. (rF+)


Message History

The kobold demonologist misses you. You furiously retaliate!
You headbutt the kobold demonologist. You shoot an arrow.
The arrow hits the kobold demonologist!
The kobold demonologist is heavily wounded.
The red devil hits you with a +0 trident!
Barbed spikes become lodged in your body.
The kobold demonologist looks braver for a moment.
Unknown command.
You shoot an arrow.
The arrow closely misses the kobold demonologist.
The red devil closely misses you.
The kobold demonologist barely misses you.
Unknown command.
You shoot an arrow.
The arrow completely misses the kobold demonologist.
The red devil hits you with a +0 trident!
* * * LOW HITPOINT WARNING * * *
Barbed spikes become lodged in your body.
The kobold demonologist gestures wildly while chanting.
Unknown command.
You shoot an arrow.
The arrow hits the kobold demonologist but does no damage.
The kobold demonologist is heavily wounded.
The red devil completely misses you. You furiously retaliate!
You headbutt the red devil!
The kobold demonologist barely misses you.
You furiously retaliate!
You headbutt the kobold demonologist! You shoot an arrow.
The arrow barely misses the kobold demonologist.
The white imp completely misses you.
The red devil hits you with a +0 trident!
* * * LOW HITPOINT WARNING * * *
Barbed spikes become lodged in your body.
The kobold demonologist hits you but does no damage.
You shoot an arrow.
The arrow barely misses the kobold demonologist.
The white imp gestures at you.
The puff of frost is repelled.
The red devil hits you with a +0 trident!!
You die...

.........................>..#.#.#
.........####..###..###.##..#.#.#
####'#...# #..# #..# #..........
###.#...# ##..###..###.##.......
#.......# #..................#.#
#.......###...###..........#.#.#
#..()....##...###.####.#####.#.#
#............5K.5......#####....
##........##...#@4)..............
.......##.##...#....~~≈~~~~~~~≈≈~
...............#)...~≈~≈≈~≈~≈≈≈≈≈
........#......#....~≈#####~~~~~~
........####...#....~≈#...#......
........# #...#....~~#...# ####
........# #...#....≈≈###'#
........# #.#)#....~≈~. .'
........# #.#.#....~≈~.


You could see a kobold demonologist, a red devil (summoned) and 2 white imps.

Vanquished Creatures
  Pikel (D:6)
  Grinder (D:5)
  Sigmund (D:3)
  Menkaure (D:5)
  A water moccasin (D:6)
  Duvessa (D:3)
  A sky beast (D:6)
  An ice beast (D:4)
  A black bear (D:6)
  A centaur (D:6)
  6 ogres
  2 phantoms
  3 lemures (D:6)
  Blork the orc (D:5)
  4 kobold brigands (D:6)
  3 bullfrogs
  2 scorpions
  5 wights (D:6)
  Dowan (D:3)
  A howler monkey (D:6)
  A bombardier beetle (D:6)
  A gnoll bouda (D:6)
  7 orc priests
  4 hounds
  4 iguanas
  7 orc wizards (D:6)
  6 gnolls
  5 adders
  A white imp (D:6)
  5 dart slugs
  2 ribbon worms
  18 orcs
  5 bats
  9 endoplasms
  3 giant cockroaches
  11 hobgoblins
  5 kobolds
  6 quokkas
  14 ball pythons
  6 frilled lizards
  6 goblins
  8 rats
172 creatures vanquished.

Notes
Turn   | Place    | Note
-------+----------+-------------------------------------------
     0 | D:1      | zenocrate the Minotaur Hunter began the quest for the Orb.
     0 | D:1      | Reached XP level 1. HP: 18/18 MP: 0/0
    64 | D:1      | Reached XP level 2. HP: 25/25 MP: 1/1
    77 | D:1      | Reached skill level 5 in Ranged Weapons
   347 | D:1      | Reached XP level 3. HP: 30/30 MP: 2/2
   371 | D:1      | Found a faded altar of an unknown god.
   849 | D:2      | Reached skill level 6 in Ranged Weapons
   986 | D:2      | Reached XP level 4. HP: 37/37 MP: 3/3
  1210 | D:3      | Noticed Sigmund
  1210 | D:3      | Noticed an ogre
  1214 | D:3      | Killed Sigmund
  1215 | D:3      | Reached skill level 7 in Ranged Weapons
  1215 | D:3      | Reached XP level 5. HP: 42/42 MP: 4/4
  1221 | D:3      | Killed an ogre
  1222 | D:3      | Reached XP level 6. HP: 39/50 MP: 5/5
  2106 | D:4      | Learned a level 3 spell: Fugue of the Fallen
  2181 | D:4      | Reached skill level 5 in Dodging
  2475 | D:4      | Reached XP level 7. HP: 38/56 MP: 6/6
  2577 | D:4      | Reached skill level 8 in Ranged Weapons
  2713 | D:4      | Found a stormy altar of Qazlal.
  2895 | D:4      | Gained mutation: Your spells are a little easier to cast,
                  | but a little less powerful. [potion of mutation]
  2895 | D:4      | Gained mutation: Armour fits poorly on your strangely
                  | shaped body. [potion of mutation]
  2895 | D:4      | Gained mutation: You are agile. (Dex +4, Str/Int -1)
                  | [potion of mutation]
  2896 | D:4      | Lost mutation: You are agile. (Dex +4, Str/Int -1) [potion
                  | of mutation]
  2896 | D:4      | Lost mutation: Armour fits poorly on your strangely shaped
                  | body. [potion of mutation]
  2896 | D:4      | Lost mutation: Your spells are a little easier to cast, but
                  | a little less powerful. [potion of mutation]
  2896 | D:4      | Gained mutation: You have hidden genetic potential. [potion
                  | of mutation]
  2896 | D:4      | Gained mutation: Your flesh is heat resistant. (rF+)
                  | [potion of mutation]
  3010 | D:4      | Found a hazy altar of Hepliaklqana.
  3300 | D:5      | Entered Level 5 of the Dungeon
  3300 | D:5      | Noticed Duvessa
  3300 | D:5      | Noticed Dowan
  3393 | D:3      | Killed Duvessa
  3497 | D:3      | Killed Dowan
  3498 | D:3      | Reached skill level 9 in Ranged Weapons
  3498 | D:3      | Reached XP level 8. HP: 55/62 MP: 7/7
  3564 | D:5      | Noticed Grinder
  3659 | D:5      | Killed Grinder
  3660 | D:5      | Reached skill level 10 in Ranged Weapons
  3678 | D:5      | Gained mutation: You have large cloven feet. [hidden
                  | potential]
  3737 | D:5      | Noticed Menkaure
  3741 | D:5      | Killed Menkaure
  3852 | D:5      | Noticed Blork the orc
  3859 | D:5      | Killed Blork the orc
  3881 | D:5      | Found a white marble altar of Elyvilon.
  4187 | D:6      | Reached skill level 11 in Ranged Weapons
  4257 | D:6      | Reached XP level 9. HP: 52/68 MP: 8/8
  4260 | D:6      | Reached skill level 12 in Ranged Weapons
  4362 | D:6      | Gained mutation: You are partially covered in large bone
                  | plates. (SH +4) [hidden potential]
  4362 | D:6      | Lost mutation: You have hidden genetic potential. [hidden
                  | potential expressed]
  4373 | D:6      | HP: 5/102 [orc priest/divine providence (12)]
  4774 | D:6      | Reached skill level 13 in Ranged Weapons
  4950 | D:6      | Reached skill level 1 in Spellcasting
  5683 | D:6      | Found a bloodstained altar of Trog.
  5888 | D:6      | Reached skill level 1 in Evocations
  5952 | D:6      | Noticed Pikel
  5991 | D:6      | Killed Pikel
  5992 | D:6      | Reached XP level 10. HP: 30/74 MP: 12/12
  6154 | D:6      | Reached skill level 14 in Ranged Weapons
  6264 | D:6      | Mangled by a red devil

Illustrated notes

Levels and vault maps discovered:
D:1:      sevenhm_arrival_forest_fort_small_6, layout_basic,
          hellmonk_ecumenical_altar_pennies_from_heaven
D:2:      layout_rooms, minmay_snake_closets
D:3:      layout_basic, st_stairs_14, serial_bayou_lake_a, uniq_sigmund
D:4:      layout_rooms, mainiacjoe_overflow_chevrons,
          worldfamousw_hep_ancestral_shrine, minmay_manual_maat
D:5:      layout_rooms, general_overflow_altar, uniq_menkaure, uniq_duvessa,
          uniq_grinder, uniq_blork_the_orc
D:6:      lemuel_castle_with_subvaults [lemuel_castle_interior_carwin_1],
          layout_basic, mainiacjoe_overflow_six_doors_small,
          kennysheep_generic_room_14, uniq_pikel

Skill      XL: |  1  2  3  4  5  6  7  8  9 10 |
---------------+-------------------------------+-----
Ranged Weapons | 5 6 7 9 11 13 14 | 14.0
Dodging        | 4 5 6 |  6.9
Spellcasting   | 2 |  2.1
Evocations     | 2 |  2.6
Fighting       | |  2.4
Stealth        | |  0.7

Action                     |  1- 3 |  4- 6 |  7- 9 | 10-12 || total
---------------------------+-------+-------+-------+-------++-------
  Melee: Unarmed           |       |       |     5 |       ||     5
         Shortbow          |       |       |     2 |       ||     2
         Orcbow            |       |       |     2 |       ||     2
         Kick              |       |       |     2 |       ||     2
         Headbutt          |       |       |     1 |       ||     1
   Fire: Shortbow          |   116 |   135 |   348 |       ||   599
         Orcbow            |       |       |    94 |    28 ||   122
  Evoke: Wand              |       |       |       |     1 ||     1
    Use: Scroll            |       |     1 |     7 |       ||     8
         Potion            |       |       |     5 |       ||     5
 Armour: Leather armour    |    33 |    13 |       |       ||    46
         Ring mail         |       |    17 |   107 |    11 ||   135
         Skin              |       |       |    19 |       ||    19
  Dodge: Dodged            |    25 |    40 |   121 |    18 ||   204
         Repelled          |       |       |     5 |     1 ||     6
  Block: Other             |       |       |     7 |       ||     7

Table legend: (Time is in decaauts)
 A = Elapsed time spent in this place.
 B = Non-inter-level travel time spent in this place.
 C = Inter-level travel time spent in this place.
 D = Time resting spent in this place.
 E = Time spent auto-exploring this place.
 F = Levels seen in this place.
 G = Mean time per level.
                   A        B        C        D        E       F      G
               +--------+--------+--------+--------+--------+-----+--------+
         Total |   6295 |   6116 |    179 |      0 |   4949 |   6 | 1049.2 |
       Dungeon |   6295 |   6116 |    179 |      0 |   4949 |   6 | 1049.2 |
               +--------+--------+--------+--------+--------+-----+--------+

Top non-repeatable levels by time:
     D:6: 2205 daAuts
     D:4: 1376 daAuts
     D:3: 1032 daAuts
     D:1: 789 daAuts
     D:2: 456 daAuts
     D:5: 435 daAuts
